 Dungeon Crawl Stone Soup version 0.19.0-24-gb05acd6 (webtiles) character file.

112 ChaseSP the Changer (level 4, -3/21 HPs)
             Began as a Vine Stalker Transmuter on Nov 22, 2016.
             Slain by an orc
             ... wielding a +0 whip
              (6 damage)
             ... on level 3 of the Dungeon.
             The game lasted 00:06:46 (2392 turns).

ChaseSP the Changer (Vine Stalker Transmuter)       Turns: 2392, Time: 00:06:48

Health: -3/21      AC:  5    Str: 14    XL:     4   Next: 93%
Magic:  0/8        EV: 12    Int: 13    God:
Gold:   109        SH:  0    Dex: 14    Spells: 3 memorised, 1 level left

rFire  . . .     SeeInvis .       - Unarmed
rCold  . . .     Gourm    .     r - +0 leather armour
rNeg   . . .     Faith    .     (no shield)
rPois  .         Spirit   +     e - +2 hat
rElec  .         Reflect  .     (no cloak)
rCorr  +         Harm     .     (no gloves)
MR     .....                    (no boots)
Stlth  +.........               (no amulet)
                                (no ring)
                                s - ring of resist corrosion

@: appendage
A: fangs 2, horns 2, regeneration 1, magic shield, antimagic bite, no device
heal 3, rot immunity
a: End Transformation


You were on level 3 of the Dungeon.
You were not hungry.
You had grown temporary horns.
You visited 1 branch of the dungeon, and saw 3 of its levels.

You collected 109 gold pieces.

Inventory:

Missiles
 a - 51 arrows
Armour
 b - a +0 robe
 e - a +2 hat (worn)
 r - a +0 leather armour (worn)
Jewellery
 s - a ring of resist corrosion (left hand)
Scrolls
 f - 3 scrolls of immolation {unknown}
 j - 2 scrolls of identify {unknown}
 k - a scroll of enchant armour {unknown}
 m - a scroll of fear {unknown}
 n - a scroll of teleportation {unknown}
 o - a scroll of magic mapping {unknown}
 p - 2 scrolls of remove curse {unknown}
 u - a scroll of noise {unknown}
Potions
 g - 2 potions of curing {unknown}
 i - 2 potions of heal wounds {unknown}
 t - a potion of haste {unknown}
 v - 2 potions of cancellation {unknown}
Books
 c - a book of Changes

   Spells                             Type                      Level
   a - Beastly Appendage              Transmutation                1
   b - Sticks to Snakes               Transmutation                2
   c - Spider Form                    Transmutation/Poison         3
   d - Ice Form                       Ice/Transmutation            4
   e - Blade Hands                    Transmutation                5
Comestibles
 d - 2 bread rations
 h - a meat ration
 l - a fruit
 q - 12 chunks of flesh


   Skills:
 - Level 0.8 Fighting
 + Level 1.7 Dodging
 + Level 3.3 Unarmed Combat
 - Level 2.1 Spellcasting
 * Level 4.2 Transmutations
 * Level 1.5 Poison Magic


You had one spell level left.
You knew the following spells:

 Your Spells              Type           Power        Failure   Level  Hunger
a - Beastly Appendage     Tmut           ##....       8%          1    ##.....
b - Sticks to Snakes      Tmut           ##......     12%         2    ###....
c - Spider Form           Tmut/Pois      #.........   34%         3    ####...


Dungeon Overview and Level Annotations

Branches:
Dungeon (3/15)

Altars:
The Shining One


Innate Abilities, Weirdness & Mutations

You have extremely sharp teeth.
Your natural rate of healing is unusually fast.
When hurt, damage is shared between your health and your magic reserves.
Your bite disrupts and absorbs the magic of your enemies.
Potions and wands cannot restore your health.
You are immune to rotting.
You have a pair of horns on your head.


Message History

The orc priest is lightly wounded.
The orc priest hits you with a whip!
You hit the orc priest but do no damage.
The orc priest is lightly wounded.
You hit the orc priest.
The orc priest is moderately wounded.
The orc priest hits you but does no damage.
The orc misses you.
You hit the orc priest. Your headbutt misses the orc priest.
You bite the orc priest, but do no damage.
The orc priest is heavily wounded.
The orc priest calls down the wrath of Beogh upon you.
Pain shoots through your body! The orc hits you but does no damage.
You barely miss the orc priest. Your bite misses the orc priest.
The orc priest is heavily wounded.
The orc priest calls down the wrath of Beogh upon you.
Beogh smites you!
* * * LOW HITPOINT WARNING * * *
The orc hits you with a whip!
You die...

###.# #......#..# # #.#
###.##.##.# # #.# #.##.##.#
# ##.##.##.# #
#####...#.##.# #.# ..
...........##.# #.# ##
###.##...#.##.# #.#
##.###.#...#o# #.#
#####...##.....@o# #.#
......#....#...### #.#
#.....#.##.## #.#
###.....#.##.#########.###
...........##.......>.....#
.###.....##############.#.#
#...........# #.#†# ###
###########.# #.#.##....
#.# #.........


You could see an orc priest and an orc.

Vanquished Creatures
  3 gnolls (D:2)
  2 adders (D:3)
  3 worms
  4 dart slugs (D:1)
  4 leopard geckos
  An orc (D:3)
  3 bats
  5 giant cockroaches
  2 goblins
  4 hobgoblins (D:1)
  2 jackals (D:1)
  3 frilled lizards
  3 kobolds
  5 rats
  A fungus (D:1)
45 creatures vanquished.

Vanquished Creatures (collateral kills)
  A worm (D:2)
1 creature vanquished.

Grand Total: 46 creatures vanquished

Notes
Turn   | Place    | Note
-------+----------+-------------------------------------------
     0 | D:1      | ChaseSP the Vine Stalker Transmuter began the quest for the Orb.
     0 | D:1      | Reached XP level 1. HP: 9/9 MP: 4/4
   106 | D:1      | Reached XP level 2. HP: 4/14 MP: 6/6
   437 | D:1      | Reached skill level 3 in Transmutations
   581 | D:1      | Reached XP level 3. HP: 15/17 MP: 7/7
   585 | D:1      | Learned a level 2 spell: Sticks to Snakes
   589 | D:1      | Learned a level 3 spell: Spider Form
  1621 | D:2      | Reached skill level 1 in Poison Magic
  1621 | D:2      | Gained mutation: Your natural rate of healing is unusually fast. [Vine Stalker growth]
  1621 | D:2      | Reached XP level 4. HP: 9/21 MP: 5/8
  1927 | D:2      | Found a glowing golden altar of the Shining One.
  2266 | D:3      | Reached skill level 4 in Transmutations
  2392 | D:3      | Slain by an orc

Skill      XL: |  1  2  3  4 |
---------------+-------------+-----
Transmutations | 3 4 |  4.2
Poison Magic   | 1 |  1.5
Fighting       | |  0.8
Dodging        | |  1.7
Unarmed Combat | |  3.3
Spellcasting   | |  2.1

Action                   |  1- 3 |  4- 6 || total
-------------------------+-------+-------++-------
Melee: Unarmed           |   126 |    69 ||   195
       Bite              |    27 |     9 ||    36
       Punch             |     4 |       ||     4
       Headbutt          |     1 |     2 ||     3
       Kick              |     6 |     4 ||    10
 Cast: Beastly Appendage |     6 |     4 ||    10
       Sticks to Snakes  |     2 |       ||     2
       Spider Form       |     1 |       ||     1
 Stab: Sleeping          |     1 |       ||     1
  Eat: Chunk             |     2 |     3 ||     5
Armor: Robe              |    21 |     3 ||    24
       Leather armour    |       |    11 ||    11
Dodge: Dodged            |    59 |    26 ||    85
